 Dungeon Crawl Stone Soup version 0.19.4-8-ga85b6b9 (webtiles) character file.

655 Naksu the Chopper (level 7, -1/61 HPs)
             Began as a Hill Orc Fighter on Feb 11, 2017.
             Was a Believer of Beogh.
             Slain by a sky beast (5 damage)
             ... on level 5 of the Dungeon.
             The game lasted 00:15:17 (3656 turns).

Naksu the Chopper (Hill Orc Fighter)                Turns: 3656, Time: 00:15:18

Health: -1/61      AC: 10    Str: 17 (19) XL:     7   Next: 54%
Magic:  7/7        EV:  8    Int:  8      God:    Beogh [**....]
Gold:   218        SH:  9    Dex: 11 (12) Spells: 0 memorised, 6 levels left

rFire  . . .     SeeInvis .     a - +1 war axe
rCold  . . .     Gourm    .     b - +0 scale mail
rNeg   . . .     Faith    .     c - +0 shield
rPois  +         Spirit   .     g - +0 helmet
rElec  .         Reflect  .     h - +0 cloak
rCorr  .         Harm     .     (no gloves)
MR     .....                    y - +0 pair of boots
Stlth  ..........               (no amulet)
                                (no ring)
                                l - ring of poison resistance

@: no status effects
A: no striking features
a: Smiting, Renounce Religion


You were on level 5 of the Dungeon.
You worshipped Beogh.
Beogh was pleased with you.
You were full.

You visited 1 branch of the dungeon, and saw 5 of its levels.
You also visited: Sewer.

You collected 218 gold pieces.

Inventory:

Hand Weapons
 a - a +1 war axe (weapon)
 j - a +0 war axe
 k - a +3 short sword
 A - a +2 halberd of venom
Armour
 b - a +0 scale mail (worn)
 c - a +0 shield (worn)
 g - a +0 helmet (worn)
 h - a +0 cloak (worn)
 y - a +0 pair of boots (worn)
Jewellery
 d - an uncursed ring of stealth
 l - a ring of poison resistance (left hand)
Wands
 i - a wand of flame (29/48)
Scrolls
 e - a scroll of fear
 m - 3 scrolls of identify
 n - 2 scrolls of recharging
 r - 5 scrolls of teleportation
 t - a scroll of blinking {unknown}
 u - a scroll of fog {unknown}
 v - a scroll of enchant weapon
 w - 3 scrolls of enchant armour {unknown}
 x - a scroll of remove curse {unknown}
Potions
 p - a potion of degeneration
 q - a potion of magic
 s - a potion of flight
 B - a potion of brilliance {unknown}
Comestibles
 f - 2 bread rations
 o - a beef jerky
 z - a royal jelly
 C - 2 fruits


   Skills:
 + Level 5.0 Fighting
 + Level 7.4 Axes
 + Level 4.8 Armour
 + Level 1.1 Dodging
 + Level 0.1 Stealth
 + Level 5.1 Shields


You had 6 spell levels left.
You didn't know any spells.

Dungeon Overview and Level Annotations

Branches:
Dungeon (5/15)             Temple (0/1) D:4

Altars:
Beogh


Message History

You barely miss the sky beast. The sky beast closely misses you.
You hit the sky beast.
The sky beast is moderately wounded.
The sky beast hits you. The sky beast shocks you.
You hit the sky beast.
The sky beast is moderately wounded.
The sky beast flickers out of sight!
Deactivating autopickup; reactivate with Ctrl-A.
Something hits you. Something shocks you. Something hits you.
Something shocks you.
* * * LOW HITPOINT WARNING * * *
You miss something. Something hits you but does no damage.
You miss something. Something hits you.
* * * LOW HITPOINT WARNING * * *
Something shocks you.
* * * LOW HITPOINT WARNING * * *
You closely miss something. Something hits you.
* * * LOW HITPOINT WARNING * * *
Something shocks you.
You die...

######....# #....##
+....##+### + #.........#
..#####+## #.........#
.........# #.........#
........?+ #....##.(.#
..%......#######...####'#
........@##...##........#
..?.....{...............#
..##....................#
# #.....##...##...##...#
#.....##....##########
.......##....#
...)....####### .##......
#.....


There were no monsters in sight!

Vanquished Creatures
  A centaur (D:5)
  The ghost of Naow the Magician, an amateur DEAE (D:4)
  2 crimson imps
  A centaur skeleton (D:4)
  Terence (D:2)
  2 worker ants (D:4)
  Ijyb (D:2)
  Robin (D:2)
  8 gnolls
  8 adders
  2 oozes
  An adder skeleton (D:4)
  5 worms
  2 dart slugs (D:2)
  3 leopard geckos
  4 orcs (D:3)
  5 ball pythons
  8 giant cockroaches
  18 goblins
  10 hobgoblins
  6 jackals
  10 kobolds
  3 quokkas
  10 bats
  5 frilled lizards
  A leopard gecko skeleton (D:4)
  18 rats
137 creatures vanquished.

Notes
Turn   | Place    | Note
-------+----------+-------------------------------------------
     0 | D:1      | Naksu the Hill Orc Fighter began the quest for the Orb.
     0 | D:1      | Reached XP level 1. HP: 19/19 MP: 1/1
    26 | D:1      | Reached XP level 2. HP: 24/27 MP: 2/2
   247 | D:1      | Reached skill level 3 in Axes
   267 | D:1      | Reached XP level 3. HP: 25/33 MP: 3/3
  1004 | D:2      | Noticed Robin
  1015 | D:2      | Killed Robin
  1015 | D:2      | Reached XP level 4. HP: 33/40 MP: 4/4
  1019 | D:2      | Reached skill level 4 in Axes
  1175 | D:2      | Noticed Terence
  1190 | D:2      | Killed Terence
  1263 | D:2      | Reached XP level 5. HP: 42/46 MP: 5/5
  1310 | D:2      | Reached skill level 5 in Axes
  1311 | D:2      | Found a faded altar of an unknown god.
  1321 | D:2      | Became a worshipper of Beogh the Brigand
  1321 | D:2      | Reached * piety under Beogh
  1547 | D:2      | Noticed Ijyb
  1563 | D:2      | Killed Ijyb
  1746 | D:3      | Found a glowing drain.
  1754 | Sewer    | Entered a sewer
  1948 | Sewer    | Reached ** piety under Beogh
  2203 | D:3      | Reached XP level 6. HP: 30/53 MP: 6/6
  2543 | D:3      | Reached skill level 6 in Axes
  2859 | D:4      | Noticed Naow's ghost (amateur DEAE)
  2878 | D:4      | HP: 2/53 [Naow's ghost/zap (2)]
  2879 | D:4      | Killed Naow's ghost
  2879 | D:4      | Reached skill level 1 in Dodging
  3043 | D:4      | Reached XP level 7. HP: 31/60 MP: 7/7
  3175 | D:4      | Found a staircase to the Ecumenical Temple.
  3507 | D:5      | Entered Level 5 of the Dungeon
  3560 | D:4      | Reached skill level 5 in Shields
  3561 | D:4      | Reached skill level 7 in Axes
  3587 | D:5      | Reached skill level 5 in Fighting
  3656 | D:5      | Slain by a sky beast

Skill      XL: |  1  2  3  4  5  6  7 |
---------------+----------------------+-----
Fighting       | 4 5 |  5.0
Axes           | 3 4 5 6 7 |  7.4
Shields        | 4 5 |  5.1
Armour         | 4 |  4.8
Dodging        | 1 |  1.1
Stealth        | |  0.1

Action                   |  1- 3 |  4- 6 |  7- 9 || total
-------------------------+-------+-------+-------++-------
Melee: War axe           |   126 |   281 |    71 ||   478
  Use: Scroll            |     2 |     3 |     2 ||     7
       Potion            |       |     9 |     1 ||    10
 Stab: Invisible         |       |     1 |       ||     1
  Eat: Chunk             |     1 |     3 |       ||     4
       Bread ration      |       |     1 |       ||     1
       Meat ration       |       |     1 |       ||     1
       Fruit             |       |       |     2 ||     2
Armor: Scale mail        |    62 |   169 |    30 ||   261
Dodge: Dodged            |    31 |   101 |    15 ||   147
Block: Shield            |    75 |   173 |    32 ||   280
